← All builds
Suicide front / Armada / Factory first / OBSERVED BUILD

Standard suicide front

Bot Lab first into Rocketeer/Centurion/Pawn to contest the middle early and hold until T2 arrives, the role's baseline play.

Usually lab first (62%)

#rush · 1185 distinct matches · 125 players · 71% of Armada Suicide front games · team won 60% of 1411 · Recently observed

HOW TO PLAY IT

Key timing: Bot Lab by 0:20

  1. Open with mex and wind, drop Bot Lab immediately.
  2. Push out first "Centurion" as Pond's boost lands.
  3. Send "Rocketeer", "Centurion", "Pawn" mix to contest middle.
  4. Add Dragon's Teeth and Sentries to hold the line.
  5. Get Advanced Metal Extractor up as T2 nears.

Phase by phase

TYPICAL OF ITS 1185 GAMES
  1. 1
  2. 2
  3. 3
PLAY THE OPENING

Follow the example game's first 6:00 step by step: what to build now, what comes next, and where it goes. At 1× it keeps pace with your own game.

  1. 1

    Bot Lab first

    Order
    1. Bot LabBot Lab done ~0:20, middle half 0:20–0:33

    Some games also: mex (37%)

  2. 2

    Bot Lab to 5:00

    Economy
    • Metal Extractor5Mex
    • Wind Turbine4Wind
    Builders
    • Construction Bot3 Con bot
    • Lazarus2 Lazarus
    Army
    • Sentry4 Sentry
    • Rocketeer18 Rocketeer
    • Tick2 Tick
    • Centurion1 Centurion
    Other
    • Radar Tower1 Radar Tower

    Some games also: con turret (35%) · pawn (31%)

    By 5:00 in all: 5 mex · 5 wind

    The example game in this phase · 23 steps
    1. LazarusLazarus ×2
    2. Construction BotCon bot
    3. CenturionCenturion ×2
    4. Mex
    5. Radar TowerRadar Tower
    6. Construction BotCon bot ×2
    7. Mex
    8. RocketeerRocketeer
    9. SentrySentry
    10. RocketeerRocketeer
    11. SentrySentry
    12. RocketeerRocketeer ×6
    13. SentrySentry
    14. RocketeerRocketeer ×2
    15. LazarusLazarus
    16. SentrySentry
    17. RocketeerRocketeer ×5
    18. SentrySentry
    19. RocketeerRocketeer ×2
    20. SentrySentry
    21. RocketeerRocketeer ×2
    22. SentrySentry
    23. RocketeerRocketeer
  3. 3

    5:00 to 10:00

    Economy
    • Metal Extractor1Mex
    • Wind Turbine17Wind
    Builders
    • Construction Turret2 Con turret
    • Lazarus2 Lazarus
    • Construction Bot1 Con bot
    Army
    • Sentry1 Sentry
    • Rocketeer8 Rocketeer
    • Pawn1 Pawn

    Some games also: tick (48%) · Radar Tower (47%) · energy storage (46%) · centurion (45%) · Beamer (38%)

    By 10:00 in all: 6 mex · 23 wind · 1 energy storage · 3 con turret

    The example game in this phase · 117 steps
    1. LazarusLazarus
    2. Con turret
    3. PawnPawn
    4. SentrySentry ×2
    5. PawnPawn ×6
    6. Wind
    7. PawnPawn ×2
    8. Wind
    9. PawnPawn
    10. RocketeerRocketeer
    11. Wind
    12. LazarusLazarus
    13. Wind
    14. PawnPawn
    15. Wind
    16. ThugThug
    17. PawnPawn
    18. Wind
    19. RocketeerRocketeer
    20. PawnPawn
    21. Wind
    22. SentrySentry
    23. PawnPawn
    24. Wind
    25. RocketeerRocketeer ×2
    26. PawnPawn
    27. Wind
    28. SentrySentry
    29. RocketeerRocketeer
    30. Wind
    31. RocketeerRocketeer
    32. PawnPawn
    33. SentrySentry
    34. Wind
    35. RocketeerRocketeer
    36. Wind
    37. RocketeerRocketeer
    38. PawnPawn
    39. Wind
    40. Construction BotCon bot
    41. Wind
    42. Construction BotCon bot
    43. Wind
    44. Construction BotCon bot
    45. Wind
    46. PawnPawn
    47. Wind
    48. PawnPawn ×2
    49. Wind
    50. PawnPawn
    51. LazarusLazarus
    52. Wind ×4
    53. Mex
    54. Con turret
    55. Wind
    56. Construction BotCon bot
    57. Wind ×2
    58. Mex
    59. Wind
    60. Metal storage
    61. Wind
    62. SentrySentry
    63. Bot LabBot Labdone 9:52
    64. PawnPawn
    65. Wind
    66. SentrySentry
    67. Wind
    68. PawnPawn ×3
    69. Wind
    70. PawnPawn
    71. Wind
    72. PawnPawn ×2
    73. Wind
    74. PawnPawn
    75. Wind
    76. PawnPawn
    77. Wind
    78. PawnPawn
    79. LazarusLazarus
    80. Wind
    81. LazarusLazarus
    82. SentrySentry
    83. Wind ×2
    84. PawnPawn
    85. SentrySentry
    86. PawnPawn
    87. Wind
    88. PawnPawn
    89. Wind
    90. PawnPawn ×2
    91. Wind
    92. PawnPawn
    93. Wind
    94. PawnPawn ×2
    95. SentrySentry
    96. Wind
    97. PawnPawn
    98. Wind
    99. PawnPawn
    100. Wind
    101. PawnPawn ×2
    102. Wind
    103. SentrySentry
    104. PawnPawn
    105. Wind
    106. PawnPawn
    107. LazarusLazarus ×2
    108. Wind
    109. SentrySentry
    110. Wind ×2
    111. SentrySentry
    112. Wind ×2
    113. SentrySentry
    114. Wind ×6
    115. Advanced Bot LabAdvanced Bot Labnot finished by 15:00
    116. Wind ×13
    117. Mex

Counts are medians over the build's games: half of them build more, half fewer. The example game is RefuseToLearn's (38 OS, 06/09/2026); pick another.

Team trades

IN AT LEAST 30% OF ITS GAMES

You hand over

Nothing regular.

You get

  • Tidal Generator4 Tidal from Pondfirst at 0:10 · in 69% of games
  • Advanced Construction Bot1 T2 con bot from Geo or Techfirst at 7:30 · in 58% of games

How it plays out

Typical game of this build, running totals by minute

Metal produced

010k20k30k
0:005:0010:0015:00

metal

Enemy metal destroyed

05k10k
0:005:0010:0015:00

metal

Own metal lost

05k10k
0:005:0010:0015:00

metal

1411 games.

Show as table
ByMetal produced: This buildEnemy metal destroyed: This buildOwn metal lost: This build
1:0022600
2:0088900
3:002056172106
4:003161660486
5:00423614131020
6:00543023271785
7:00666131792732
8:00791040353631
9:00929848164516
10:001068854265336
11:001224158986080
12:001402465176842
13:001604270137523
14:001796976808336
15:002029783029228
WHAT THE NUMBERS SAY

Standard suicide front play wins slightly more than half its games with fast kills but also fast losses, matching the raw grind of the role.

  • + First kill lands by 2:04 in all games
  • + Metal produced reaches 19882 by 15:00
  • − Own metal lost hits 9208 by 15:00, near metal destroyed of 8172
  • − First unit lost as early as 2:08 in every game
THE EXAMPLE YOU ARE READING

RefuseToLearn

38.1 OS · 06/09/2026

Open source match ↗

6 received units · includes a constructor
86 metal received · 8698 energy received

Allied construction assistance is unknown. Timings are observations, not a promise of solo reproducibility.

Typical milestones

Bot Lab0:20Middle 50%: 0:20–0:33 · n=1405
Advanced Metal Extractor9:37Middle 50%: 8:41–10:48 · n=1035

Played most by

_X_252games of this buildPlatinumBlonde166games of this buildXad109games of this buildImmort62games of this buildwatermeloans58games of this build